AoeStats
← Morrig4n4692

Arabia

510089249Analyzed
1v1 RM · 4d ago on Sep 29, 2026· 31m 39s· 2 players
Game mode
Random Map
Map size
Tiny (2 player)
Population
200
Speed
Normal
Resources
Standard
Victory
Conquest
Starting age
Dark Age
Ending age
Imperial Age
RankedLock teamsTeams togetherTeam positionsShared explorationLock speedFull tech treeHidden civsTurbo modeCheats
Victory
Defeat
🇱🇹 Bohemians · Lithuania
1144
+18
🇺🇸 Khmer · United States
1180
-29
IvanDrago
8:00 Loom
10:09 Feudal Age
14:38 Castle Age
Morrig4n4692
3:08 Loom
9:56 Feudal Age
15:03 Double-Bit Axe
15:42 Forging
21:09 Castle Age
20:18 Scale Barding Armor
20:24 Forging
21:03 Bloodlines
26:56 Chain Barding Armor
31:32 Fletching
Connection lost

Rejoining the realm…

Still unreachable

The connection could not be restored.

Session expired

The server has moved on; the page needs a fresh start.